 Dungeon Crawl Stone Soup version 0.29-a0-344-ge2f44be95a (webtiles) character file.

Game seed: 13750395930829557619

1463 oldriver the Slinger (level 8, -1/38 HPs)
             Began as a Spriggan Hunter on Apr 11, 2022.
             Was a Follower of Hepliaklqana.
             Slain by a vampire mosquito (7 damage)
             ... on level 6 of the Dungeon on Apr 22, 2022.
             The game lasted 00:11:57 (4054 turns).

oldriver the Slinger (Spriggan Hunter)              Turns: 4054, Time: 00:11:58

Health: -1/38      AC:  4    Str:  7    XL:     8   Next: 48%
Magic:  9/9        EV: 17    Int: 16    God:    Hepliaklqana [*.....]
Gold:   186        SH:  0    Dex: 21    Spells: 7/7 levels left

rFire   . . .      SeeInvis +   a - +4 hunting sling
rCold   . . .      Faith    .   (no shield)
rNeg    . . .      Spirit   .   t - +0 troll leather armour
rPois   .          Reflect  .   (helmet restricted)
rElec   .          Harm     .   (no cloak)
rCorr   .          Rampage  .   (gloves unavailable)
Will    +....                   (boots unavailable)
Stlth   ++........              d - amulet of regeneration
HPRegen 1.72/turn               m - ring of flight
MPRegen 0.11/turn               p - +6 ring of intelligence

@: flying, very quick
A: reduced essence, very small, no large weapons, unfitting armour, see
invisible, speed 3
a: Renounce Religion, Recall Ancestor, Ancestor Identity


You were on level 6 of the Dungeon.
You worshipped Hepliaklqana.
Hepliaklqana was aware of your devotion.
You visited 2 branches of the dungeon, and saw 7 of its levels.

You collected 186 gold pieces.

Inventory:

Hand Weapons
 a - a +4 hunting sling (weapon)
Armour
 t - a +0 troll leather armour (worn)
Jewellery
 d - an amulet of regeneration (around neck)
 m - a ring of flight (left hand)
 p - a +6 ring of intelligence (right hand)
Wands
 e - a wand of polymorph (4)
 n - a wand of paralysis (7)
Scrolls
 b - a scroll of summoning
 c - 2 scrolls of immolation
 i - a scroll of teleportation
Potions
 f - 2 potions of cancellation
 g - a potion of flight
 h - 4 potions of curing
 k - a potion of might
 l - a potion of brilliance
 q - a potion of mutation
 r - 2 potions of attraction
 s - a potion of magic


   Skills:
 + Level 5.2 Fighting
 * Level 11.4 Slings
 - Level 2.6 Dodging
 - Level 1.5 Stealth


You had 7 spell levels left.
You didn't know any spells.
Your spell library contained the following spells:

 Spells                   Type           Power      Damage    Failure   Level
 Summon Small Mammal      Summ           0%         N/A       36%         1
 Call Canine Familiar     Summ           0%         N/A       75%         3
 Summon Guardian Golem    Hex/Summ       0%         N/A       75%         3


Dungeon Overview and Level Annotations

Branches:
Dungeon (6/15)             Temple (1/1) D:4

Altars:
Ashenzari
Cheibriados
Dithmenos
Elyvilon
Fedhas
Gozag
Hepliaklqana
Kikubaaqudgha
Makhleb
Nemelex Xobeh
Okawaru
Qazlal
Ru
Sif Muna
Trog
Uskayaw
Vehumet
Wu Jian
Xom
Yredelemnul
Zin
The Shining One

Shops:
D:4 *   D:6 [

Annotations:
D:4 Pikel


Innate Abilities, Weirdness & Mutations

Your life essence is reduced to manifest your ancestor. (-10% HP)
You are very small and have problems with some larger weapons.
You are too small for most types of armour.
You have supernaturally acute eyesight. (SInv)
You cover ground extremely quickly. (Speed+++)


Message History

The vampire mosquito closely misses you.
Si-Tayit hits the vampire mosquito.
The vampire mosquito closely misses you.
Fire: a) +4 hunting sling
Press: ? - help, Shift-Dir - straight line, f/p - vampire mosquito
Aim: a vampire mosquito (severely damaged, ally target, 57% to hit)
You shoot a sling bullet.
The sling bullet barely misses the vampire mosquito.
Si-Tayit avoids your attack. The vampire mosquito misses you.
Si-Tayit closely misses the vampire mosquito.
The vampire mosquito misses you.
Fire: a) +4 hunting sling
Press: ? - help, Shift-Dir - straight line, f/p - vampire mosquito
Aim: a vampire mosquito (severely damaged, ally target, 57% to hit)
You shoot a sling bullet.
The sling bullet hits the vampire mosquito.
The vampire mosquito is severely damaged.
The vampire mosquito bites you!
The vampire mosquito draws strength from your injuries!
Si-Tayit closely misses the vampire mosquito.
The vampire mosquito closely misses you.
Fire: a) +4 hunting sling
Press: ? - help, Shift-Dir - straight line, f/p - vampire mosquito
Aim: a vampire mosquito (severely damaged, ally target, 57% to hit)
You shoot a sling bullet.
The sling bullet hits the vampire mosquito.
The vampire mosquito is almost destroyed.
The vampire mosquito bites you.
The vampire mosquito draws strength from your injuries!
Si-Tayit barely misses the vampire mosquito.
Fire: a) +4 hunting sling
Press: ? - help, Shift-Dir - straight line, f/p - vampire mosquito
Aim: a vampire mosquito (severely damaged, ally target, 57% to hit)
You shoot a sling bullet.
The sling bullet closely misses the vampire mosquito.
Si-Tayit avoids your attack. The vampire mosquito bites you!
* * * LOW HITPOINT WARNING * * *
The vampire mosquito draws strength from your injuries!
The vampire mosquito bites you!
You die...

#########...........##.#.#.#.#.#.
#.....#########.............
#.....#########.............
#...>.......................
#.######.######.......#.#.#.
#..##.....# #......#.#.#.#
##.##.###.### #.......#.#.#.
#..........# ####.#.#.#.#.#
#.#####+##@# #.#.#+#.#.#. #.# #y#
............# #.#
#R###.R.........#. #.#
#.)..K)..........# #.#
#..####.#.#.#.#.#. #.# #..#
##.#.#.#.#.# #.# #..#
#.........#. .... .P.......#.#
....#..♣≈≈.P.....#.


You could see the friendly Si-Tayit the ancestor and a vampire mosquito (ally
target).

Vanquished Creatures
  Sigmund (D:2)
  A hog (D:5)
  2 vampire mosquitoes (D:6)
  An ogre (D:6)
  3 lemures (D:4)
  A bullfrog (D:5)
  A scorpion (D:4)
  2 howler monkeys
  A jelly (D:6)
  3 hounds
  Jessica (D:2)
  Natasha (thrice) (D:2)
  2 orc wizards (D:6)
  4 gnolls (D:5)
  4 adders
  2 ufetubi
  A dart slug (D:5)
  10 orcs
  3 bats
  5 endoplasms
  3 giant cockroaches
  6 hobgoblins
  6 jackals
  2 quokkas
  4 ball pythons
  5 frilled lizards
  7 goblins
  5 kobolds
  6 rats
95 creatures vanquished.

Vanquished Creatures (collateral kills)
  A vampire mosquito (D:6)
  A kobold brigand (D:6)
  An adder (D:6)
3 creatures vanquished.

Vanquished Creatures (others)
  2 ancestors (D:6)
  5 plants
7 creatures vanquished.

Grand Total: 105 creatures vanquished

Notes
Turn   | Place    | Note
-------+----------+-------------------------------------------
     0 | D:1      | oldriver the Spriggan Hunter began the quest for the Orb.
     0 | D:1      | Reached XP level 1. HP: 10/10 MP: 2/2
    62 | D:1      | Reached skill level 5 in Slings
   113 | D:1      | Reached XP level 2. HP: 15/15 MP: 3/3
   417 | D:2      | Noticed Sigmund
   500 | D:2      | Noticed Natasha
   504 | D:2      | Killed Natasha
   505 | D:2      | Reached skill level 6 in Slings
   505 | D:2      | Reached XP level 3. HP: 9/18 MP: 4/4
   573 | D:2      | Found a faded altar of an unknown god.
   708 | D:2      | Noticed Natasha
   721 | D:2      | Killed Sigmund
   722 | D:2      | Reached skill level 7 in Slings
   722 | D:2      | Reached XP level 4. HP: 24/24 MP: 5/5
   722 | D:2      | Reached XP level 5. HP: 28/28 MP: 6/6
   872 | D:2      | Noticed Jessica
   886 | D:2      | Killed Jessica
   987 | D:2      | Killed Natasha
   988 | D:2      | Reached XP level 6. HP: 23/32 MP: 7/7
  1012 | D:2      | Noticed Natasha
  1022 | D:2      | Killed Natasha
  1808 | D:4      | Noticed Pikel
  1856 | D:4      | Reached skill level 8 in Slings
  2021 | D:4      | Found Fius's Overcharged Wands.
  2168 | D:4      | Found a blossoming altar of Fedhas.
  2493 | D:4      | Found a staircase to the Ecumenical Temple.
  2498 | Temple   | Entered the Ecumenical Temple
  2590 | Temple   | Became a worshipper of Hepliaklqana the Forgotten
  2864 | D:4      | Upgraded the game from 0.29-a0-323-g050149af67 to
                  | 0.29-a0-330-g52719c12eb
  2864 | D:4      | Upgraded the game from 0.29-a0-330-g52719c12eb to
                  | 0.29-a0-344-ge2f44be95a
  2885 | D:5      | Entered Level 5 of the Dungeon
  2984 | D:5      | Noticed a troll
  2987 | D:5      | Noticed a hog
  2987 | D:5      | a troll changed into a hog
  2995 | D:5      | Killed a hog
  2996 | D:5      | Reached skill level 9 in Slings
  2996 | D:5      | Reached XP level 7. HP: 31/37 MP: 8/8
  3428 | D:6      | Noticed a vampire mosquito
  3428 | D:6      | Noticed a vampire mosquito
  3428 | D:6      | Noticed a vampire mosquito
  3448 | D:6      | Found Guczyahu's Armour Shop.
  3593 | D:6      | Reached skill level 10 in Slings
  3677 | D:6      | Killed a vampire mosquito
  3678 | D:6      | Reached XP level 8. HP: 29/42 MP: 9/9
  3708 | D:6      | Reached * piety under Hepliaklqana
  3839 | D:6      | Reached skill level 5 in Fighting
  3839 | D:6      | Reached skill level 11 in Slings
  3906 | D:6      | Noticed a hornet
  4054 | D:6      | Slain by a vampire mosquito

Illustrated notes

Levels and vault maps discovered:
D:1:      dpeg_arrival_houses_and_road, layout_rooms
D:2:      layout_rooms, shapermc_ecumenical_altar_mp_ritualfount, uniq_natasha,
          uniq_jessica, uniq_sigmund
D:3:      layout_rooms
D:4:      layout_rooms, fedhas_ov_isle_minmay, temple_doors_e,
          nicolae_shop_overcharged_wands, uniq_pikel
D:5:      layout_cave_pools, minmay_misc_feat_pillars
D:6:      dreamdust_elfheim, layout_basic, serial_bayou_pond_b,
          nicolae_stop_n_shop_1
Temple:   mainiacjoe_temple_hex_bubbles

Skill      XL: |  1  2  3  4  5  6  7  8 |
---------------+-------------------------+-----
Slings         | 5 6 7 9 10 11 | 11.4
Fighting       | 2 3 4 5 |  5.2
Dodging        | |  2.6
Stealth        | |  1.5

Action                   |  1- 3 |  4- 6 |  7- 9 || total
-------------------------+-------+-------+-------++-------
Melee: Unarmed           |       |     3 |       ||     3
 Fire: Hunting sling     |    77 |   161 |   162 ||   400
Evoke: Wand              |       |     2 |       ||     2
  Use: Scroll            |     4 |     4 |    10 ||    18
       Potion            |     2 |     1 |     2 ||     5
 Stab: Confused          |       |     1 |       ||     1
Armor: Robe              |       |     4 |       ||     4
       Troll leather arm |       |       |    16 ||    16
Dodge: Dodged            |    17 |    36 |   110 ||   163

Table legend: (Time is in decaauts)
 A = Elapsed time spent in this place.
 B = Non-inter-level travel time spent in this place.
 C = Inter-level travel time spent in this place.
 D = Time resting spent in this place.
 E = Time spent auto-exploring this place.
 F = Levels seen in this place.
 G = Mean time per level.
                   A        B        C        D        E       F      G
               +--------+--------+--------+--------+--------+-----+--------+
         Total |   2925 |   2847 |     78 |    499 |   1355 |   7 |  417.9 |
       Dungeon |   2775 |   2706 |     69 |    499 |   1229 |   6 |  462.5 |
        Temple |    149 |    141 |      8 |      0 |    125 |   1 |  149.0 |
               +--------+--------+--------+--------+--------+-----+--------+

Top non-repeatable levels by time:
     D:4: 630 daAuts
     D:2: 538 daAuts
     D:3: 470 daAuts
     D:5: 428 daAuts
     D:6: 403 daAuts
     D:1: 304 daAuts
  Temple: 149 daAuts
